 Dungeon Crawl Stone Soup version 0.20.1-1-g8b1a95d (webtiles) character file.

479 KromesxD the Conjurer (level 6, -7/32 HPs)
             Began as a Deep Elf Wizard on Nov 22, 2017.
             Was an Initiate of Sif Muna.
             Mangled by an ogre
             ... wielding a +0 giant club
              (20 damage)
             ... on level 5 of the Dungeon.
             The game lasted 00:18:03 (4682 turns).

KromesxD the Conjurer (Deep Elf Wizard)             Turns: 4682, Time: 00:18:09

Health: -7/32      AC:  3    Str:  6    XL:     6   Next: 86%
Magic:  16/16      EV: 14    Int: 23    God:    Sif Muna [......]
Gold:   109        SH:  0    Dex: 13    Spells: 9/16 levels left

rFire    . . .     SeeInvis .   p - +1 dagger (holy)
rCold    . . .     Gourm    .   (no shield)
rNeg     . . .     Faith    .   a - +0 robe
rPois    .         Spirit   .   b - +1 hat
rElec    .         Reflect  .   (no cloak)
rCorr    .         Harm     .   (no gloves)
MR       .....                  (no boots)
Stlth    ++........             (no amulet)
Regen    0.1/turn               (no ring)
MPRegen  0.2/turn               (no ring)

@: no status effects
A: no striking features
a: Renounce Religion


You were on level 5 of the Dungeon.
You worshipped Sif Muna.
Sif Muna was noncommittal.
You were hungry.

You visited 2 branches of the dungeon, and saw 6 of its levels.

You collected 109 gold pieces.

Inventory:

Hand Weapons
 e - a +0 short sword
 p - a +1 dagger of holy wrath (weapon)
Armour
 a - a +0 robe (worn)
 b - a +1 hat (worn)
 f - a +0 leather armour
Wands
 j - a wand of lightning (3/15)
Scrolls
 k - 2 scrolls of enchant weapon
 l - a scroll of teleportation
 n - 4 scrolls of recharging {unknown}
 q - a scroll of amnesia {unknown}
Potions
 g - 2 potions of curing
 m - a potion of might {unknown}
 o - a potion of brilliance {unknown}
 r - a potion of flight {unknown}
Books
 c - a book of Minor Magic

   Spells                             Type                      Level
   a - Magic Dart                     Conjuration                  1
   b - Blink                          Translocation                2
   c - Call Imp                       Summoning                    2
   d - Slow                           Hexes                        2
   e - Conjure Flame                  Conjuration/Fire             3
   f - Mephitic Cloud                 Conjuration/Poison/Air       3
Comestibles
 d - 2 bread rations
 h - a royal jelly
 i - a meat ration


   Skills:
 * Level 4.4 Dodging
 - Level 2.4 Stealth
 + Level 5.7 Spellcasting
 - Level 6.4 Conjurations
   Level 1.1 Summonings
   Level 1.1 Translocations


You had 9 spell levels left.
You knew the following spells:

 Your Spells              Type           Power        Failure   Level  Hunger
a - Magic Dart            Conj           ####         1%          1    None
b - Conjure Flame         Conj/Fire      ###.....     7%          3    #......
c - Mephitic Cloud        Conj/Pois/Air  ###.....     11%         3    #......


Dungeon Overview and Level Annotations

Branches:
Dungeon (5/15)             Temple (1/1) D:4

Altars:
Ashenzari
Elyvilon
Fedhas
Gozag
Hepliaklqana
Kikubaaqudgha
Makhleb
Nemelex Xobeh
Okawaru
Sif Muna
Trog
Uskayaw
Vehumet
Xom
Yredelemnul
Zin
The Shining One


Message History

Done exploring.
(D) Dungeon (T) Temple
Where to? (Enter - D:5, ? - help)
There is a stone staircase leading up here.
There is a stone staircase leading down here.
You climb downwards.
An ogre comes into view. It is wielding a giant club.
There is a stone staircase leading up here.
The helpless ogre fails to defend itself.
You puncture the ogre!
The ogre is moderately wounded.
The ogre hits you with a giant club!!
Ouch! That really hurt!
Memorise Blink, consuming 2 spell levels and leaving 7?
You start memorising the spell.
You continue memorising.
The ogre barely misses you.
You continue memorising.
The ogre hits you with a giant club!!
Your memorisation is interrupted.
Ouch! That really hurt!
You die...

+ #.
##+##.#
.....aO##
#@# #.#
#.. ####


You could see an ogre and a worker ant.

Vanquished Creatures
  Sigmund (D:3)
  A howler monkey (D:4)
  An orc priest (D:4)
  An iguana (D:4)
  A worker ant (D:3)
  7 adders
  An ooze (D:1)
  2 worms (D:2)
  3 dart slugs
  3 leopard geckos
  15 orcs
  9 bats
  10 giant cockroaches
  8 goblins
  8 hobgoblins
  2 jackals (D:4)
  2 quokkas
  4 frilled lizards
  14 kobolds
  A leopard gecko skeleton (D:4)
  11 rats
105 creatures vanquished.

Notes
Turn   | Place    | Note
-------+----------+-------------------------------------------
     0 | D:1      | KromesxD the Deep Elf Wizard began the quest for the Orb.
     0 | D:1      | Reached XP level 1. HP: 10/10 MP: 7/7
   334 | D:1      | Reached skill level 2 in Conjurations
   377 | D:1      | Reached XP level 2. HP: 15/15 MP: 3/9
   699 | D:1      | Reached skill level 5 in Spellcasting
   699 | D:1      | Reached XP level 3. HP: 18/19 MP: 3/11
  1247 | D:1      | Reached skill level 3 in Conjurations
  1485 | D:2      | Reached XP level 4. HP: 24/24 MP: 8/13
  1560 | D:2      | Found a glowing silver altar of Zin.
  1560 | D:2      | Noticed an angel
  1613 | D:2      | Reached skill level 4 in Conjurations
  1908 | D:2      | Found a sparkling altar of Nemelex Xobeh.
  2431 | D:3      | Noticed Sigmund
  2443 | D:3      | Killed Sigmund
  2443 | D:3      | Reached skill level 6 in Conjurations
  2443 | D:3      | Reached XP level 5. HP: 25/28 MP: 4/14
  2443 | D:3      | Reached XP level 6. HP: 28/32 MP: 4/15
  2558 | D:3      | Learned a level 3 spell: Conjure Flame
  2562 | D:3      | Learned a level 3 spell: Mephitic Cloud
  2633 | D:3      | Found a burning altar of Makhleb.
  3173 | D:3      | Found a glowing golden altar of the Shining One.
  3629 | D:4      | Found a staircase to the Ecumenical Temple.
  3784 | Temple   | Entered the Ecumenical Temple
  3834 | Temple   | Became a worshipper of Sif Muna the Loreminder
  4351 | D:4      | Found a hide-covered altar of Uskayaw.
  4354 | D:4      | Found a shattered altar of Ashenzari.
  4355 | D:4      | Found a radiant altar of Vehumet.
  4358 | D:4      | Found an iron altar of Okawaru.
  4678 | D:5      | Entered Level 5 of the Dungeon
  4682 | D:5      | Mangled by an ogre

Skill      XL: |  1  2  3  4  5  6 |
---------------+-------------------+-----
Conjurations   | 2 3 6 |  6.4
Spellcasting   | 5 |  5.7
Dodging        | 4 |  4.4
Stealth        | |  2.4
Summonings     | |  1.1
Translocations | |  1.1

Action                   |  1- 3 |  4- 6 || total
-------------------------+-------+-------++-------
Melee: Unarmed           |     1 |       ||     1
       Short sword       |     2 |     1 ||     3
       Dagger            |       |    11 ||    11
 Cast: Magic Dart        |   103 |   165 ||   268
       Mephitic Cloud    |       |     5 ||     5
       Conjure Flame     |       |     3 ||     3
  Use: Potion            |       |     2 ||     2
       Scroll            |       |     5 ||     5
 Stab: Sleeping          |       |     2 ||     2
       Confused          |       |     1 ||     1
  Eat: Chunk             |     2 |     9 ||    11
Armor: Robe              |     9 |     4 ||    13
Dodge: Dodged            |    26 |    30 ||    56
